[ AOE2 MATCH · #476533331 ]
UnrankedMalians vs Hindustanis
[ REPLAY ANALYSIS · EXTRACTED FROM THE RECORDED GAME ]
Feudal
11:07
Castle
14:45
Imperial
37:00
| APM avg | 29.9 |
| APM peak | 80 |
| eAPM avg | 15.5 |
| Villagers / military | 111 / 30 |
Focus
⚔️ 31.3% · 🌾 68.7%
Gbeto ×10 · Archer ×8 · Petard ×5 · Camel Scout ×4 · Skirmisher ×2 · Knight ×1
Feudal
9:41
Castle
13:42
Imperial
27:12
| APM avg | 29.4 |
| APM peak | 52 |
| eAPM avg | 18.4 |
| Villagers / military | 203 / 300 |
Focus
⚔️ 26.8% · 🌾 73.2%
Camel Scout ×186 · Scout Cavalry ×63 · Hand Cannoneer ×47 · Trebuchet (Packed) ×3 · Monk ×1
Feudal
10:06
Castle
13:44
Imperial
26:55
| APM avg | 41.0 |
| APM peak | 85 |
| eAPM avg | 22.4 |
| Villagers / military | 172 / 276 |
Focus
⚔️ 36.7% · 🌾 63.3%
Spearman ×232 · Monk ×21 · Bombard Cannon ×19 · Trebuchet (Packed) ×2 · Scorpion ×1 · Hussite Wagon ×1
Feudal
11:38
Castle
15:16
Imperial
29:47
| APM avg | 89.2 |
| APM peak | 177 |
| eAPM avg | 52.2 |
| Villagers / military | 148 / 267 |
Focus
⚔️ 57.7% · 🌾 42.3%
Archer ×124 · War Elephant ×120 · Hand Cannoneer ×19 · Monk ×3 · Trebuchet (Packed) ×1
Feudal
10:56
Castle
14:29
Imperial
27:17
| APM avg | 38.8 |
| APM peak | 74 |
| eAPM avg | 25.8 |
| Villagers / military | 158 / 541 |
Focus
⚔️ 35.8% · 🌾 64.2%
Knight ×348 · Obuch ×129 · Scout Cavalry ×48 · Trebuchet (Packed) ×8 · Monk ×4 · Bombard Cannon ×4
Feudal
10:08
Castle
14:18
Imperial
30:32
| APM avg | 26.4 |
| APM peak | 54 |
| eAPM avg | 15.5 |
| Villagers / military | 137 / 110 |
Focus
⚔️ 25.6% · 🌾 74.4%
Rattan Archer ×110 · Trade Cart ×6
Feudal
8:27
Castle
20:23
Imperial
31:35
| APM avg | 65.4 |
| APM peak | 106 |
| eAPM avg | 36.3 |
| Villagers / military | 183 / 450 |
Focus
⚔️ 37.1% · 🌾 62.9%
Spearman ×182 · Knight ×128 · Skirmisher ×112 · Kipchak ×11 · Trebuchet (Packed) ×8 · Militia ×7
Feudal
10:44
Castle
14:32
Imperial
33:26
| APM avg | 58.3 |
| APM peak | 89 |
| eAPM avg | 24.4 |
| Villagers / military | 146 / 129 |
Focus
⚔️ 32.4% · 🌾 67.6%
Cavalry Archer ×105 · Samurai ×11 · Trebuchet (Packed) ×7 · Spearman ×3 · Battering Ram ×2 · Monk ×1
Match map
Initial resources + every placement click. Lines = walls · curves = elevation contours. ◆ gold · ⬟ stone · ● berries · ✦ relic · ◌ wall gap
Your base· ✓ Closed at 14:45 · 0t walls · 2 gate(s)
Snitzelyd's base· ✓ Closed at 13:42 · 0t walls · 2 gate(s)
hanson013's base· ✓ Closed at 13:44 · 0t walls · 3 gate(s)
[InsecT] ScoTherroR's base· ✓ Closed at 15:16 · 0t walls · 5 gate(s)
Ace's base· ✓ Closed at 14:29 · 0t walls · 2 gate(s)
AncientKing's base· ✓ Closed at 14:18 · 1t walls · 2 gate(s)
阿秋1's base· ✓ Closed at 20:23 · 6t walls · 3 gate(s)
knife's base· ✓ Closed at 14:32 · 0t walls · 3 gate(s)
Smoothed initial terrain · ◌ = detected wall gap · hover for details
Inputs per minute
— GGman - - Snitzelyd
Build order — GGman
First 150 of 278 actions detected
| 0:00 | Create | Villager (Male) |
| 0:01 | Create | Villager (Male) |
| 0:02 | Build | House |
| 0:04 | Build | House |
| 0:12 | Create | Villager (Male) |
| 0:13 | Create | Villager (Male) |
| 0:13 | Create | Villager (Male) |
| 1:17 | Create | Villager (Male) |
| 1:17 | Create | Villager (Male) |
| 1:17 | Create | Villager (Male) |
| 2:12 | Build | Lumber Camp |
| 2:42 | Create | Villager (Male) |
| 2:42 | Create | Villager (Male) |
| 2:43 | Create | Villager (Male) |
| 2:43 | Create | Villager (Male) |
| 3:23 | Create | Villager (Male) |
| 3:23 | Create | Villager (Male) |
| 3:23 | Create | Villager (Male) |
| 3:24 | Create | Villager (Male) |
| 4:10 | Create | Villager (Male) |
| 4:11 | Create | Villager (Male) |
| 4:16 | Build | House |
| 4:18 | Build | House |
| 4:44 | Create | Villager (Male) |
| 4:44 | Create | Villager (Male) |
| 5:14 | Create | Villager (Male) |
| 5:15 | Create | Villager (Male) |
| 5:15 | Create | Villager (Male) |
| 5:31 | Build | Mill |
| 5:38 | Create | Villager (Male) |
| 5:41 | Build | Mill |
| 5:53 | Create | Villager (Male) |
| 5:53 | Create | Villager (Male) |
| 6:07 | Create | Villager (Male) |
| 6:43 | Create | Villager (Male) |
| 6:44 | Create | Villager (Male) |
| 6:44 | Create | Villager (Male) |
| 6:57 | Build | Mining Camp |
| 8:08 | Build | Farm |
| 8:29 | Build | Farm |
| 8:53 | Research | Feudal Age |
| 8:56 | Create | Villager (Male) |
| 8:57 | Research | Loom |
| 9:33 | Build | Farm |
| 11:07 | Age | Feudal Age |
| 11:14 | Build | Blacksmith |
| 11:16 | Build | Market |
| 11:59 | Build | Mining Camp |
| 12:05 | Research | Castle Age |
| 12:05 | Research | Castle Age |
| 12:13 | Research | Double-Bit Axe |
| 12:13 | Research | Double-Bit Axe |
| 13:17 | Research | Horse Collar |
| 13:22 | Create | Villager (Male) |
| 13:22 | Create | Villager (Male) |
| 13:29 | Build | House |
| 14:45 | Age | Castle Age |
| 14:57 | Build | Farm |
| 15:00 | Build | Farm |
| 15:04 | Build | Farm |
| 15:06 | Create | Villager (Male) |
| 15:13 | Build | Farm |
| 16:18 | Build | Stone Wall |
| 16:38 | Create | Villager (Male) |
| 16:38 | Create | Villager (Male) |
| 16:38 | Create | Villager (Male) |
| 16:59 | Create | Villager (Male) |
| 17:00 | Create | Villager (Male) |
| 17:00 | Create | Villager (Male) |
| 17:42 | Build | Farm |
| 17:42 | Build | Farm |
| 17:42 | Build | Farm |
| 17:43 | Build | Farm |
| 17:45 | Build | Farm |
| 18:15 | Build | Farm |
| 18:42 | Build | Castle |
| 19:25 | Build | House |
| 19:27 | Build | House |
| 19:53 | Build | Mill |
| 19:56 | Build | House |
| 20:21 | Build | Castle |
| 21:39 | Create | Villager (Male) |
| 21:40 | Create | Villager (Male) |
| 21:40 | Create | Villager (Male) |
| 21:40 | Create | Villager (Male) |
| 21:41 | Create | Villager (Male) |
| 21:42 | Create | Villager (Male) |
| 22:32 | Research | Bow Saw |
| 22:36 | Create | Petard |
| 22:36 | Create | Petard |
| 22:55 | Create | Gbeto |
| 23:23 | Create | Petard |
| 23:33 | Build | Farm |
| 23:33 | Build | Farm |
| 23:33 | Build | Farm |
| 23:33 | Build | Farm |
| 24:05 | Create | Gbeto |
| 25:04 | Create | Villager (Male) |
| 25:04 | Create | Villager (Male) |
| 25:05 | Create | Villager (Male) |
| 25:05 | Create | Villager (Male) |
| 25:06 | Create | Villager (Male) |
| 25:18 | Build | Town Center |
| 25:23 | Create | Gbeto |
| 25:23 | Create | Gbeto |
| 25:23 | Create | Gbeto |
| 26:45 | Create | Villager (Male) |
| 26:46 | Create | Villager (Male) |
| 26:46 | Create | Villager (Male) |
| 26:54 | Create | Petard |
| 26:54 | Create | Petard |
| 27:31 | Create | Gbeto |
| 27:32 | Create | Gbeto |
| 27:36 | Build | Farm |
| 27:40 | Build | Farm |
| 27:41 | Build | Farm |
| 27:43 | Build | Farm |
| 27:43 | Build | Farm |
| 27:43 | Build | Farm |
| 27:44 | Build | Farm |
| 27:44 | Build | Farm |
| 28:37 | Create | Villager (Male) |
| 28:38 | Create | Villager (Male) |
| 28:38 | Create | Villager (Male) |
| 28:38 | Create | Villager (Male) |
| 28:38 | Create | Villager (Male) |
| 28:49 | Build | Barracks |
| 28:55 | Create | Villager (Male) |
| 28:55 | Create | Villager (Male) |
| 28:55 | Create | Villager (Male) |
| 29:05 | Build | Farm |
| 29:06 | Build | Farm |
| 29:06 | Build | Farm |
| 29:06 | Build | Farm |
| 29:06 | Build | Farm |
| 29:07 | Build | Farm |
| 29:07 | Build | Farm |
| 29:08 | Create | Villager (Male) |
| 29:09 | Create | Villager (Male) |
| 29:09 | Create | Villager (Male) |
| 29:46 | Build | Archery Range |
| 29:51 | Research | Squires |
| 29:54 | Create | Gbeto |
| 29:54 | Create | Gbeto |
| 30:03 | Research | Heavy Plow |
| 30:37 | Research | Wheelbarrow |
| 30:44 | Build | Farm |
| 30:48 | Build | Farm |
| 30:50 | Build | Mill |
| 30:51 | Build | Farm |
Build order — Snitzelyd
First 150 of 477 actions detected
| 0:01 | Create | Villager (Male) |
| 0:01 | Create | Villager (Male) |
| 0:01 | Create | Villager (Male) |
| 0:03 | Build | House |
| 0:04 | Build | House |
| 0:21 | Create | Villager (Male) |
| 0:21 | Create | Villager (Male) |
| 1:08 | Create | Villager (Male) |
| 1:08 | Create | Villager (Male) |
| 1:28 | Create | Villager (Male) |
| 1:29 | Create | Villager (Male) |
| 1:53 | Build | Lumber Camp |
| 2:06 | Create | Villager (Male) |
| 2:07 | Create | Villager (Male) |
| 2:16 | Create | Villager (Male) |
| 2:16 | Create | Villager (Male) |
| 3:04 | Build | House |
| 3:20 | Create | Villager (Male) |
| 3:23 | Create | Villager (Male) |
| 3:23 | Create | Villager (Male) |
| 3:57 | Build | Mill |
| 4:27 | Create | Villager (Male) |
| 4:27 | Create | Villager (Male) |
| 4:53 | Create | Villager (Male) |
| 4:53 | Create | Villager (Male) |
| 4:53 | Create | Villager (Male) |
| 5:04 | Create | Villager (Male) |
| 5:04 | Create | Villager (Male) |
| 5:16 | Build | House |
| 5:17 | Build | House |
| 5:51 | Build | Farm |
| 5:54 | Build | Farm |
| 5:54 | Create | Villager (Male) |
| 5:55 | Create | Villager (Male) |
| 6:22 | Create | Villager (Male) |
| 6:23 | Create | Villager (Male) |
| 6:30 | Create | Villager (Male) |
| 6:31 | Create | Villager (Male) |
| 6:46 | Create | Villager (Male) |
| 7:04 | Create | Villager (Male) |
| 7:31 | Research | Feudal Age |
| 8:10 | Build | Farm |
| 9:41 | Age | Feudal Age |
| 9:46 | Create | Villager (Male) |
| 9:46 | Create | Villager (Male) |
| 9:53 | Build | Market |
| 10:02 | Build | Market |
| 10:09 | Build | Blacksmith |
| 10:12 | Create | Villager (Male) |
| 11:02 | Research | Castle Age |
| 11:28 | Research | Double-Bit Axe |
| 11:58 | Research | Horse Collar |
| 12:19 | Create | Villager (Male) |
| 12:20 | Create | Villager (Male) |
| 12:29 | Build | Farm |
| 12:30 | Build | Farm |
| 12:30 | Build | Farm |
| 12:52 | Create | Villager (Male) |
| 13:42 | Age | Castle Age |
| 13:48 | Build | Town Center |
| 13:48 | Create | Villager (Male) |
| 13:54 | Create | Villager (Male) |
| 14:06 | Build | Town Center |
| 14:07 | Create | Villager (Male) |
| 14:07 | Create | Villager (Male) |
| 14:41 | Research | Bow Saw |
| 14:59 | Create | Villager (Male) |
| 15:06 | Build | House |
| 15:22 | Create | Villager (Male) |
| 15:22 | Create | Villager (Male) |
| 15:22 | Create | Villager (Male) |
| 15:37 | Build | House |
| 15:40 | Create | Villager (Male) |
| 15:41 | Create | Villager (Male) |
| 15:43 | Create | Villager (Male) |
| 15:43 | Create | Villager (Male) |
| 15:46 | Build | Farm |
| 15:52 | Build | Farm |
| 15:57 | Build | Farm |
| 15:58 | Create | Villager (Male) |
| 15:58 | Create | Villager (Male) |
| 16:03 | Build | Farm |
| 16:07 | Build | Farm |
| 16:09 | Create | Villager (Male) |
| 16:10 | Create | Villager (Male) |
| 16:20 | Build | Farm |
| 16:24 | Build | Farm |
| 16:30 | Build | House |
| 16:54 | Create | Villager (Male) |
| 16:54 | Create | Villager (Male) |
| 16:55 | Create | Villager (Male) |
| 16:55 | Create | Villager (Male) |
| 17:19 | Create | Villager (Male) |
| 17:19 | Create | Villager (Male) |
| 17:19 | Create | Villager (Male) |
| 17:40 | Build | Town Center |
| 17:41 | Create | Villager (Male) |
| 17:41 | Create | Villager (Male) |
| 17:41 | Create | Villager (Male) |
| 17:48 | Build | Farm |
| 17:48 | Build | Farm |
| 17:48 | Build | Farm |
| 17:48 | Build | Farm |
| 17:49 | Build | Farm |
| 17:49 | Build | Farm |
| 17:49 | Build | Farm |
| 17:50 | Build | Farm |
| 17:50 | Build | Farm |
| 17:50 | Build | Farm |
| 17:51 | Build | Farm |
| 17:52 | Create | Villager (Male) |
| 17:53 | Create | Villager (Male) |
| 18:20 | Create | Villager (Male) |
| 18:21 | Create | Villager (Male) |
| 18:21 | Create | Villager (Male) |
| 18:23 | Build | Farm |
| 18:23 | Build | Farm |
| 18:23 | Build | Farm |
| 18:24 | Build | Farm |
| 18:24 | Build | Farm |
| 18:26 | Create | Villager (Male) |
| 18:26 | Create | Villager (Male) |
| 18:30 | Build | Farm |
| 18:38 | Build | House |
| 18:38 | Build | House |
| 18:38 | Build | House |
| 18:39 | Build | House |
| 18:40 | Create | Villager (Male) |
| 18:40 | Create | Villager (Male) |
| 19:06 | Create | Villager (Male) |
| 19:06 | Create | Villager (Male) |
| 19:10 | Create | Villager (Male) |
| 19:10 | Create | Villager (Male) |
| 19:19 | Create | Villager (Male) |
| 19:19 | Create | Villager (Male) |
| 19:22 | Build | Farm |
| 19:22 | Build | Farm |
| 19:22 | Build | Farm |
| 19:23 | Build | Farm |
| 19:23 | Build | Farm |
| 19:23 | Build | Farm |
| 19:25 | Create | Villager (Male) |
| 19:25 | Create | Villager (Male) |
| 19:37 | Build | Mining Camp |
| 19:40 | Create | Villager (Male) |
| 19:40 | Create | Villager (Male) |
| 19:41 | Create | Villager (Male) |
| 19:41 | Create | Villager (Male) |
| 20:01 | Create | Villager (Male) |
| 20:01 | Create | Villager (Male) |
Build order — hanson013
First 150 of 399 actions detected
| 0:01 | Create | Villager (Male) |
| 0:01 | Create | Villager (Male) |
| 0:02 | Build | House |
| 0:04 | Build | House |
| 0:11 | Create | Villager (Male) |
| 0:11 | Create | Villager (Male) |
| 0:11 | Create | Villager (Male) |
| 0:11 | Create | Villager (Male) |
| 1:34 | Create | Villager (Male) |
| 1:35 | Create | Villager (Male) |
| 1:47 | Build | Lumber Camp |
| 2:01 | Create | Villager (Male) |
| 2:01 | Create | Villager (Male) |
| 2:01 | Create | Villager (Male) |
| 2:01 | Create | Villager (Male) |
| 2:37 | Create | Villager (Male) |
| 2:38 | Create | Villager (Male) |
| 3:15 | Build | House |
| 3:16 | Build | House |
| 3:16 | Build | House |
| 3:20 | Create | Villager (Male) |
| 3:20 | Create | Villager (Male) |
| 3:20 | Create | Villager (Male) |
| 3:20 | Create | Villager (Male) |
| 3:47 | Create | Villager (Male) |
| 3:47 | Create | Villager (Male) |
| 3:51 | Create | Villager (Male) |
| 3:52 | Create | Villager (Male) |
| 4:50 | Build | Mill |
| 4:55 | Create | Villager (Male) |
| 4:55 | Create | Villager (Male) |
| 4:55 | Create | Villager (Male) |
| 5:41 | Create | Villager (Male) |
| 5:42 | Create | Villager (Male) |
| 5:42 | Create | Villager (Male) |
| 6:50 | Build | Farm |
| 6:53 | Build | Farm |
| 7:01 | Create | Villager (Male) |
| 7:34 | Research | Feudal Age |
| 7:38 | Build | Mining Camp |
| 8:46 | Create | Villager (Male) |
| 8:46 | Create | Villager (Male) |
| 10:06 | Age | Feudal Age |
| 10:08 | Build | Market |
| 10:14 | Build | Blacksmith |
| 11:04 | Research | Castle Age |
| 11:05 | Research | Castle Age |
| 11:40 | Research | Double-Bit Axe |
| 12:39 | Create | Villager (Male) |
| 13:05 | Research | Horse Collar |
| 13:36 | Build | Farm |
| 13:37 | Build | Farm |
| 13:44 | Age | Castle Age |
| 13:48 | Build | Town Center |
| 13:52 | Build | Town Center |
| 14:01 | Research | Bow Saw |
| 14:12 | Create | Villager (Male) |
| 14:16 | Build | Farm |
| 14:24 | Create | Villager (Male) |
| 14:40 | Create | Villager (Male) |
| 14:44 | Build | Farm |
| 15:08 | Create | Villager (Male) |
| 15:09 | Create | Villager (Male) |
| 15:09 | Create | Villager (Male) |
| 15:17 | Create | Villager (Male) |
| 15:28 | Build | Farm |
| 15:30 | Build | Farm |
| 15:39 | Create | Villager (Male) ×2 |
| 15:45 | Build | Farm |
| 15:46 | Research | Loom |
| 15:53 | Research | Loom |
| 16:00 | Build | Farm |
| 16:04 | Create | Villager (Male) ×3 |
| 16:04 | Create | Villager (Male) ×3 |
| 16:06 | Build | Farm |
| 16:14 | Build | House |
| 16:16 | Create | Villager (Male) |
| 16:23 | Build | Farm |
| 16:27 | Create | Villager (Male) |
| 16:27 | Create | Villager (Male) |
| 16:30 | Build | Farm |
| 16:33 | Build | House |
| 16:42 | Build | Farm |
| 16:51 | Build | House |
| 16:54 | Create | Villager (Male) |
| 16:54 | Research | Loom |
| 16:59 | Build | Farm |
| 17:02 | Create | Villager (Male) |
| 17:02 | Create | Villager (Male) |
| 17:17 | Create | Villager (Male) |
| 17:30 | Create | Villager (Male) |
| 17:30 | Create | Villager (Male) |
| 17:34 | Build | Farm |
| 17:36 | Build | Farm |
| 17:36 | Build | Farm |
| 17:36 | Build | Farm |
| 17:37 | Build | Farm |
| 17:47 | Create | Villager (Male) ×2 |
| 17:48 | Create | Villager (Male) ×2 |
| 17:48 | Create | Villager (Male) ×2 |
| 17:51 | Research | Loom |
| 17:54 | Build | Farm |
| 17:55 | Build | Farm |
| 18:00 | Create | Villager (Male) |
| 18:01 | Create | Villager (Male) |
| 18:09 | Create | Villager (Male) |
| 18:16 | Build | Palisade Wall |
| 18:25 | Create | Villager (Male) |
| 18:25 | Create | Villager (Male) |
| 18:39 | Create | Villager (Male) |
| 18:41 | Build | Farm |
| 18:51 | Build | House |
| 18:52 | Build | Farm |
| 18:53 | Build | Farm |
| 18:53 | Build | Farm |
| 18:53 | Build | Farm |
| 18:53 | Build | Farm |
| 18:53 | Build | Farm |
| 19:03 | Build | Farm |
| 19:04 | Build | Farm |
| 19:07 | Build | House |
| 19:07 | Build | House |
| 19:08 | Create | Villager (Male) ×4 |
| 19:14 | Build | House |
| 19:20 | Build | Palisade Wall |
| 19:22 | Build | Palisade Wall |
| 19:25 | Build | Palisade Wall |
| 19:27 | Build | Palisade Wall |
| 19:27 | Build | Palisade Wall |
| 19:44 | Build | Palisade Wall |
| 19:45 | Build | Palisade Wall |
| 19:47 | Create | Villager (Male) ×5 |
| 19:50 | Build | House |
| 19:54 | Build | Farm |
| 19:58 | Build | Farm |
| 20:00 | Build | Farm |
| 20:04 | Build | Farm |
| 20:04 | Create | Villager (Male) |
| 20:05 | Create | Villager (Male) |
| 20:12 | Build | Palisade Wall |
| 20:13 | Build | Palisade Wall |
| 20:14 | Build | Palisade Wall |
| 20:15 | Build | Palisade Wall |
| 20:27 | Create | Villager (Male) |
| 20:29 | Build | House |
| 20:32 | Build | Farm |
| 20:33 | Build | Farm |
| 20:46 | Build | Farm |
| 20:47 | Build | Farm |
| 20:50 | Create | Villager (Male) |
Build order — [InsecT] ScoTherroR
First 150 of 651 actions detected
| 0:02 | Create | Villager (Male) |
| 0:03 | Build | House |
| 0:05 | Build | House |
| 0:11 | Create | Villager (Male) |
| 0:11 | Create | Villager (Male) |
| 0:22 | Create | Villager (Male) |
| 0:22 | Create | Villager (Male) |
| 1:23 | Create | Villager (Male) |
| 1:23 | Create | Villager (Male) |
| 1:46 | Build | Lumber Camp |
| 2:16 | Create | Villager (Male) |
| 2:16 | Create | Villager (Male) |
| 2:17 | Create | Villager (Male) |
| 2:46 | Create | Villager (Male) |
| 2:46 | Create | Villager (Male) |
| 3:15 | Build | House |
| 3:16 | Build | House |
| 3:20 | Create | Villager (Male) |
| 3:25 | Create | Villager (Male) |
| 3:25 | Create | Villager (Male) |
| 3:43 | Build | Mill |
| 4:12 | Create | Villager (Male) |
| 4:12 | Create | Villager (Male) |
| 4:17 | Build | House |
| 4:34 | Create | Villager (Male) |
| 4:35 | Create | Villager (Male) |
| 4:58 | Build | House |
| 5:27 | Create | Villager (Male) |
| 5:29 | Create | Villager (Male) |
| 5:35 | Build | House |
| 6:08 | Create | Villager (Male) |
| 6:28 | Build | Farm |
| 6:31 | Create | Villager (Male) |
| 6:52 | Create | Villager (Male) |
| 7:19 | Create | Villager (Male) |
| 7:37 | Create | Villager (Male) |
| 8:09 | Create | Villager (Male) |
| 8:26 | Build | Mining Camp |
| 8:44 | Create | Villager (Male) |
| 8:47 | Research | Loom |
| 9:35 | Research | Feudal Age |
| 9:35 | Research | Feudal Age |
| 9:44 | Build | Farm |
| 9:50 | Build | Farm |
| 11:38 | Age | Feudal Age |
| 11:40 | Create | Villager (Male) |
| 11:40 | Create | Villager (Male) |
| 11:48 | Build | Market |
| 11:54 | Build | Blacksmith |
| 12:36 | Build | Palisade Gate |
| 12:37 | Build | House |
| 12:51 | Research | Castle Age |
| 12:51 | Research | Castle Age |
| 13:11 | Build | Farm |
| 13:14 | Build | House |
| 13:18 | Build | Palisade Gate |
| 13:26 | Build | Farm |
| 13:27 | Build | Farm |
| 13:45 | Build | Farm |
| 13:56 | Research | Double-Bit Axe |
| 13:57 | Research | Double-Bit Axe |
| 13:57 | Research | Horse Collar |
| 13:57 | Research | Horse Collar |
| 15:16 | Age | Castle Age |
| 15:20 | Build | Town Center |
| 15:23 | Build | Town Center |
| 15:27 | Create | Villager (Male) |
| 15:28 | Research | Bow Saw |
| 15:31 | Build | Monastery |
| 15:40 | Create | Villager (Male) |
| 16:04 | Create | Villager (Male) |
| 16:18 | Create | Monk |
| 16:18 | Create | Monk |
| 16:21 | Research | Wheelbarrow |
| 16:35 | Create | Villager (Male) |
| 16:38 | Build | Farm |
| 16:58 | Create | Villager (Male) |
| 16:59 | Create | Villager (Male) |
| 17:04 | Create | Villager (Male) |
| 17:04 | Create | Villager (Male) |
| 17:04 | Create | Villager (Male) |
| 17:13 | Build | Farm |
| 17:27 | Create | Villager (Male) |
| 17:27 | Create | Villager (Male) |
| 17:36 | Create | Villager (Male) |
| 17:36 | Create | Villager (Male) |
| 17:36 | Create | Villager (Male) |
| 18:00 | Build | Farm |
| 18:01 | Build | Farm |
| 18:02 | Build | Farm |
| 18:02 | Build | Farm |
| 18:03 | Build | Farm |
| 18:22 | Create | Villager (Male) |
| 18:24 | Build | Farm |
| 18:26 | Create | Villager (Male) |
| 18:26 | Create | Villager (Male) |
| 18:26 | Create | Villager (Male) |
| 18:40 | Create | Villager (Male) |
| 18:42 | Build | Farm |
| 18:42 | Build | Farm |
| 18:43 | Build | Farm |
| 18:43 | Build | Farm |
| 18:43 | Build | Farm |
| 19:09 | Create | Villager (Male) |
| 19:10 | Build | Farm |
| 19:18 | Build | Lumber Camp |
| 19:21 | Research | Heavy Plow |
| 19:21 | Research | Heavy Plow |
| 19:34 | Create | Monk |
| 19:35 | Create | Villager (Male) |
| 19:40 | Build | Town Center |
| 19:51 | Create | Villager (Male) |
| 19:51 | Create | Villager (Male) |
| 19:58 | Create | Villager (Male) |
| 19:58 | Create | Villager (Male) |
| 20:10 | Create | Villager (Male) |
| 20:10 | Create | Villager (Male) |
| 20:13 | Build | Farm |
| 20:13 | Build | Farm |
| 20:13 | Build | Farm |
| 20:14 | Build | Farm |
| 20:15 | Build | House |
| 20:16 | Build | House |
| 20:17 | Build | House |
| 20:25 | Build | House |
| 20:26 | Build | House |
| 20:36 | Create | Villager (Male) |
| 20:36 | Create | Villager (Male) |
| 20:36 | Create | Villager (Male) |
| 20:40 | Build | Farm |
| 20:40 | Build | Farm |
| 20:41 | Build | Farm |
| 20:41 | Build | Farm |
| 20:47 | Build | Farm |
| 20:56 | Create | Villager (Male) |
| 20:56 | Create | Villager (Male) |
| 20:56 | Create | Villager (Male) |
| 21:03 | Create | Villager (Male) |
| 21:09 | Build | Farm |
| 21:10 | Build | Farm |
| 21:22 | Create | Villager (Male) |
| 21:37 | Create | Villager (Male) |
| 21:38 | Create | Villager (Male) |
| 21:40 | Create | Villager (Male) |
| 21:40 | Create | Villager (Male) |
| 21:41 | Create | Villager (Male) |
| 21:43 | Build | Farm |
| 21:56 | Create | Villager (Male) |
| 21:56 | Create | Villager (Male) |
| 21:56 | Create | Villager (Male) |
Build order — Ace
First 150 of 545 actions detected
| 0:00 | Create | Villager (Male) |
| 0:01 | Create | Villager (Male) |
| 0:03 | Build | House |
| 0:05 | Build | House |
| 0:19 | Create | Villager (Male) |
| 0:19 | Create | Villager (Male) |
| 1:36 | Create | Villager (Male) |
| 1:36 | Create | Villager (Male) |
| 1:39 | Create | Villager (Male) |
| 1:48 | Build | Lumber Camp |
| 2:02 | Create | Villager (Male) |
| 2:02 | Create | Villager (Male) |
| 2:56 | Create | Villager (Male) |
| 2:56 | Create | Villager (Male) |
| 3:16 | Create | Villager (Male) |
| 3:16 | Create | Villager (Male) |
| 3:18 | Create | Villager (Male) |
| 3:19 | Create | Villager (Male) |
| 3:28 | Build | House |
| 3:28 | Build | House |
| 3:33 | Build | House |
| 3:34 | Build | House |
| 3:53 | Create | Villager (Male) |
| 3:53 | Create | Villager (Male) |
| 4:35 | Create | Villager (Male) |
| 4:42 | Create | Villager (Male) |
| 4:42 | Create | Villager (Male) |
| 5:17 | Build | Mill |
| 5:23 | Create | Villager (Male) |
| 6:03 | Create | Villager (Male) |
| 6:10 | Create | Villager (Male) |
| 6:44 | Build | Farm |
| 6:47 | Build | Farm |
| 6:55 | Create | Villager (Male) |
| 6:55 | Create | Villager (Male) |
| 7:21 | Create | Villager (Male) |
| 7:21 | Create | Villager (Male) |
| 7:41 | Research | Feudal Age |
| 7:59 | Build | Farm |
| 8:19 | Build | Mining Camp |
| 10:02 | Create | Villager (Male) |
| 10:02 | Create | Villager (Male) |
| 10:56 | Age | Feudal Age |
| 10:58 | Build | Market |
| 11:01 | Build | Blacksmith |
| 11:26 | Build | Farm |
| 11:49 | Research | Castle Age |
| 11:49 | Research | Castle Age |
| 12:13 | Research | Horse Collar |
| 12:50 | Research | Double-Bit Axe |
| 13:01 | Create | Villager (Male) |
| 13:04 | Create | Villager (Male) |
| 14:04 | Build | Farm |
| 14:29 | Age | Castle Age |
| 14:32 | Build | Town Center |
| 14:34 | Build | Town Center |
| 14:48 | Research | Bow Saw |
| 14:51 | Build | Monastery |
| 14:53 | Create | Villager (Male) |
| 14:53 | Create | Villager (Male) |
| 15:26 | Create | Villager (Male) |
| 15:26 | Create | Villager (Male) |
| 15:40 | Build | Farm |
| 15:48 | Build | Farm |
| 15:50 | Create | Monk |
| 15:52 | Create | Villager (Male) |
| 15:54 | Create | Villager (Male) |
| 15:59 | Build | Mill |
| 16:10 | Create | Villager (Male) |
| 16:23 | Create | Villager (Male) |
| 16:27 | Build | Farm |
| 16:28 | Build | Farm |
| 16:34 | Build | Farm |
| 16:34 | Create | Villager (Male) |
| 16:34 | Create | Villager (Male) |
| 16:38 | Build | Farm |
| 16:39 | Create | Villager (Male) |
| 16:43 | Create | Monk |
| 16:53 | Build | Farm |
| 16:57 | Build | Farm |
| 16:59 | Create | Villager (Male) |
| 16:59 | Create | Villager (Male) |
| 17:03 | Build | Farm |
| 17:07 | Create | Villager (Male) |
| 17:08 | Create | Villager (Male) |
| 17:11 | Build | Farm |
| 17:23 | Create | Villager (Male) |
| 17:23 | Create | Villager (Male) |
| 17:27 | Create | Villager (Male) |
| 17:28 | Create | Villager (Male) |
| 17:33 | Build | Farm |
| 17:34 | Create | Villager (Male) |
| 17:39 | Build | Mill |
| 17:42 | Build | Farm |
| 17:42 | Build | Farm |
| 17:42 | Build | Farm |
| 17:42 | Build | Farm |
| 17:43 | Build | Farm |
| 17:52 | Create | Villager (Male) |
| 17:58 | Create | Villager (Male) |
| 17:59 | Create | Villager (Male) |
| 18:00 | Build | Farm |
| 18:00 | Build | Farm |
| 18:00 | Build | Farm |
| 18:01 | Build | Farm |
| 18:01 | Build | Farm |
| 18:01 | Build | Farm |
| 18:08 | Build | Farm |
| 18:15 | Create | Villager (Male) |
| 18:15 | Create | Villager (Male) |
| 18:15 | Create | Villager (Male) |
| 18:18 | Build | Farm |
| 18:22 | Build | Farm |
| 18:27 | Build | Farm |
| 18:27 | Create | Villager (Male) |
| 18:28 | Create | Villager (Male) |
| 18:40 | Create | Villager (Male) |
| 18:42 | Create | Villager (Male) |
| 18:55 | Create | Villager (Male) |
| 18:55 | Create | Villager (Male) |
| 19:00 | Build | House |
| 19:00 | Build | House |
| 19:02 | Build | House |
| 19:14 | Research | Wheelbarrow |
| 19:15 | Create | Villager (Male) |
| 19:15 | Create | Villager (Male) |
| 19:29 | Create | Villager (Male) |
| 19:29 | Create | Villager (Male) |
| 19:35 | Create | Villager (Male) |
| 19:38 | Create | Monk |
| 19:45 | Build | Mill |
| 19:46 | Build | Farm |
| 19:46 | Build | Farm |
| 19:46 | Build | Farm |
| 19:46 | Build | Farm |
| 19:47 | Build | Farm |
| 19:47 | Build | Farm |
| 19:47 | Build | Farm |
| 19:49 | Create | Villager (Male) |
| 19:55 | Build | Farm |
| 19:56 | Create | Villager (Male) |
| 20:00 | Create | Villager (Male) |
| 20:03 | Build | House |
| 20:04 | Build | House |
| 20:06 | Create | Villager (Male) |
| 20:15 | Build | Farm |
| 20:20 | Build | Farm |
| 20:21 | Create | Villager (Male) |
| 20:21 | Create | Villager (Male) |
| 20:31 | Build | Town Center |
Build order — AncientKing
First 150 of 355 actions detected
| 0:03 | Create | Villager (Male) ×4 |
| 0:04 | Create | Villager (Male) ×4 |
| 0:05 | Build | House |
| 0:08 | Build | House |
| 1:31 | Create | Villager (Male) |
| 1:31 | Create | Villager (Male) |
| 2:06 | Create | Villager (Male) |
| 2:07 | Create | Villager (Male) |
| 2:20 | Build | Lumber Camp |
| 2:21 | Create | Villager (Male) |
| 2:34 | Create | Villager (Male) |
| 2:34 | Create | Villager (Male) |
| 2:57 | Create | Villager (Male) |
| 2:57 | Create | Villager (Male) |
| 3:30 | Create | Villager (Male) |
| 3:30 | Create | Villager (Male) |
| 3:41 | Create | Villager (Male) |
| 3:59 | Build | House |
| 4:10 | Create | Villager (Male) |
| 4:11 | Create | Villager (Male) |
| 4:37 | Create | Villager (Male) |
| 4:37 | Create | Villager (Male) |
| 4:41 | Create | Villager (Male) |
| 4:41 | Create | Villager (Male) |
| 4:54 | Create | Villager (Male) |
| 4:54 | Create | Villager (Male) |
| 5:08 | Create | Villager (Male) |
| 5:09 | Create | Villager (Male) |
| 5:15 | Build | House |
| 6:13 | Create | Villager (Male) |
| 6:16 | Create | Villager (Male) |
| 6:24 | Build | Mill |
| 7:32 | Create | Villager (Male) |
| 7:38 | Build | Mining Camp |
| 7:56 | Research | Feudal Age |
| 7:56 | Research | Feudal Age |
| 9:34 | Build | House |
| 10:08 | Age | Feudal Age |
| 10:12 | Build | Market |
| 10:18 | Build | Blacksmith |
| 10:21 | Build | Palisade Wall |
| 10:23 | Create | Villager (Male) |
| 10:23 | Create | Villager (Male) |
| 10:24 | Create | Villager (Male) |
| 10:52 | Build | Mining Camp |
| 11:37 | Research | Castle Age |
| 11:37 | Research | Castle Age |
| 12:26 | Research | Double-Bit Axe |
| 12:27 | Research | Double-Bit Axe |
| 14:02 | Build | Farm |
| 14:04 | Build | Farm |
| 14:07 | Build | Farm |
| 14:09 | Build | Farm |
| 14:18 | Age | Castle Age |
| 14:21 | Create | Villager (Male) |
| 14:21 | Create | Villager (Male) |
| 14:21 | Create | Villager (Male) |
| 14:34 | Build | Town Center |
| 15:01 | Research | Loom |
| 15:01 | Research | Loom |
| 15:06 | Build | Outpost |
| 15:17 | Build | House |
| 15:25 | Research | Town Watch |
| 15:26 | Research | Town Watch |
| 15:32 | Build | Town Center |
| 15:48 | Build | Farm |
| 15:53 | Build | Farm |
| 15:59 | Build | Farm |
| 16:01 | Build | Farm |
| 16:04 | Build | Farm |
| 16:11 | Create | Villager (Male) |
| 16:11 | Create | Villager (Male) |
| 16:28 | Create | Villager (Male) |
| 16:28 | Create | Villager (Male) |
| 16:43 | Build | Outpost |
| 16:57 | Create | Villager (Male) |
| 17:05 | Build | Farm |
| 17:07 | Build | Farm |
| 17:08 | Build | Farm |
| 17:10 | Build | Farm |
| 17:24 | Create | Villager (Male) |
| 17:25 | Create | Villager (Male) |
| 17:25 | Create | Villager (Male) |
| 17:54 | Create | Villager (Male) |
| 17:54 | Create | Villager (Male) |
| 17:55 | Create | Villager (Male) |
| 18:32 | Research | Wheelbarrow |
| 18:32 | Research | Wheelbarrow |
| 18:48 | Build | Outpost |
| 18:49 | Create | Villager (Male) |
| 18:49 | Create | Villager (Male) |
| 18:53 | Build | Farm |
| 18:56 | Build | Farm |
| 19:04 | Build | Palisade Wall |
| 19:05 | Build | Palisade Wall |
| 19:06 | Build | Palisade Wall |
| 19:13 | Create | Villager (Male) |
| 19:13 | Create | Villager (Male) |
| 19:16 | Build | House |
| 19:23 | Create | Villager (Male) |
| 19:23 | Create | Villager (Male) |
| 19:23 | Create | Villager (Male) |
| 19:29 | Build | Palisade Wall |
| 19:32 | Build | Palisade Gate |
| 19:35 | Create | Villager (Male) |
| 19:35 | Create | Villager (Male) |
| 19:48 | Build | Farm |
| 19:49 | Build | Farm |
| 19:51 | Build | Farm |
| 19:53 | Build | Farm |
| 19:55 | Create | Villager (Male) |
| 19:55 | Create | Villager (Male) |
| 19:58 | Create | Villager (Male) |
| 19:58 | Create | Villager (Male) |
| 20:02 | Build | Castle |
| 20:15 | Create | Villager (Male) |
| 20:15 | Create | Villager (Male) |
| 20:15 | Create | Villager (Male) |
| 20:19 | Build | Farm |
| 20:20 | Build | Farm |
| 20:26 | Research | Bow Saw |
| 20:26 | Research | Bow Saw |
| 20:37 | Create | Villager (Male) |
| 20:38 | Build | House |
| 20:39 | Build | House |
| 20:41 | Build | House |
| 20:41 | Build | House |
| 20:43 | Create | Villager (Male) |
| 20:44 | Create | Villager (Male) |
| 20:58 | Build | Town Center |
| 21:02 | Create | Villager (Male) |
| 21:02 | Create | Villager (Male) |
| 21:19 | Create | Villager (Male) |
| 21:20 | Create | Villager (Male) |
| 21:20 | Create | Villager (Male) |
| 21:35 | Create | Villager (Male) |
| 21:35 | Create | Villager (Male) |
| 21:48 | Research | Horse Collar |
| 22:07 | Build | Farm |
| 22:10 | Build | Farm |
| 22:12 | Build | Farm |
| 22:28 | Create | Villager (Male) |
| 22:28 | Create | Villager (Male) |
| 22:30 | Build | Farm |
| 22:31 | Build | Farm |
| 22:31 | Build | Farm |
| 22:31 | Build | Farm |
| 22:33 | Build | Farm |
| 22:33 | Build | Farm |
| 22:38 | Build | Farm |
Build order — 阿秋1
First 150 of 761 actions detected
| 0:00 | Create | Villager (Male) |
| 0:01 | Create | Villager (Male) |
| 0:02 | Build | House |
| 0:03 | Build | House |
| 0:05 | Create | Villager (Male) |
| 0:10 | Create | Villager (Male) |
| 1:24 | Create | Villager (Male) |
| 1:57 | Create | Villager (Male) |
| 2:08 | Create | Villager (Male) |
| 2:08 | Create | Villager (Male) |
| 2:15 | Build | Lumber Camp |
| 2:57 | Create | Villager (Male) |
| 2:57 | Create | Villager (Male) |
| 2:57 | Create | Villager (Male) |
| 2:57 | Create | Villager (Male) |
| 3:44 | Create | Villager (Male) |
| 3:45 | Create | Villager (Male) |
| 3:45 | Create | Villager (Male) |
| 3:45 | Create | Villager (Male) |
| 3:55 | Build | House |
| 4:05 | Create | Villager (Male) |
| 4:42 | Create | Villager (Male) |
| 4:42 | Create | Villager (Male) |
| 4:53 | Create | Villager (Male) |
| 4:55 | Build | Mill |
| 6:16 | Research | Feudal Age |
| 6:17 | Research | Feudal Age |
| 7:16 | Create | Villager (Male) |
| 7:18 | Create | Villager (Male) |
| 7:31 | Build | House |
| 8:27 | Age | Feudal Age |
| 8:34 | Build | Town Center |
| 8:48 | Research | Double-Bit Axe |
| 8:53 | Create | Villager (Male) |
| 9:22 | Create | Villager (Male) |
| 9:24 | Build | House |
| 9:25 | Research | Horse Collar |
| 9:25 | Research | Horse Collar |
| 9:48 | Build | Farm |
| 9:56 | Create | Villager (Male) |
| 10:05 | Create | Villager (Male) |
| 10:05 | Create | Villager (Male) |
| 10:18 | Build | Farm |
| 10:24 | Build | Farm |
| 10:38 | Create | Villager (Male) |
| 10:39 | Create | Villager (Male) |
| 10:39 | Create | Villager (Male) |
| 10:57 | Create | Villager (Male) |
| 10:57 | Create | Villager (Male) |
| 11:01 | Build | Farm |
| 11:09 | Create | Villager (Male) |
| 11:09 | Create | Villager (Male) |
| 11:14 | Build | Farm |
| 11:23 | Create | Villager (Male) |
| 11:23 | Create | Villager (Male) |
| 11:34 | Build | Farm |
| 11:44 | Create | Villager (Male) |
| 11:47 | Build | Farm |
| 11:55 | Create | Villager (Male) |
| 12:03 | Build | House |
| 12:04 | Build | House |
| 12:18 | Create | Villager (Male) |
| 12:18 | Create | Villager (Male) |
| 12:24 | Create | Villager (Male) |
| 12:40 | Build | House |
| 12:40 | Build | House |
| 12:42 | Create | Villager (Male) |
| 12:51 | Build | Farm |
| 12:54 | Build | Farm |
| 12:54 | Build | Farm |
| 12:57 | Create | Villager (Male) |
| 13:00 | Build | Farm |
| 13:05 | Create | Villager (Male) |
| 13:08 | Build | Farm |
| 13:19 | Create | Villager (Male) |
| 13:33 | Create | Villager (Male) |
| 13:36 | Build | Farm |
| 13:37 | Build | Farm |
| 13:37 | Build | Farm |
| 13:44 | Create | Villager (Male) |
| 13:48 | Build | Farm |
| 13:51 | Build | Farm |
| 13:59 | Create | Villager (Male) |
| 14:00 | Create | Villager (Male) |
| 14:03 | Build | Mining Camp |
| 14:20 | Create | Villager (Male) |
| 14:28 | Build | Market |
| 14:39 | Research | Wheelbarrow |
| 14:42 | Create | Villager (Male) |
| 14:44 | Create | Villager (Male) |
| 14:49 | Build | Blacksmith |
| 14:56 | Create | Villager (Male) |
| 15:02 | Research | Wheelbarrow |
| 15:02 | Research | Wheelbarrow |
| 15:03 | Create | Villager (Male) |
| 15:23 | Build | Farm |
| 15:37 | Build | House |
| 15:38 | Build | House |
| 15:49 | Build | Farm |
| 15:50 | Build | Farm |
| 15:51 | Build | Farm |
| 15:59 | Create | Villager (Male) |
| 16:00 | Create | Villager (Male) |
| 16:05 | Build | Farm |
| 16:12 | Build | Farm |
| 16:17 | Build | Farm |
| 16:19 | Create | Villager (Male) |
| 16:20 | Create | Villager (Male) |
| 16:20 | Create | Villager (Male) |
| 16:23 | Build | Farm |
| 16:27 | Build | Farm |
| 16:49 | Build | Farm |
| 16:51 | Build | Farm |
| 16:57 | Create | Villager (Male) |
| 16:57 | Create | Villager (Male) |
| 16:58 | Create | Villager (Male) |
| 17:27 | Research | Castle Age |
| 17:28 | Research | Castle Age |
| 17:31 | Create | Villager (Male) |
| 17:42 | Build | Barracks |
| 17:45 | Research | Gold Mining |
| 17:46 | Research | Gold Mining |
| 18:03 | Create | Villager (Male) |
| 18:10 | Build | House |
| 18:17 | Build | House |
| 18:19 | Build | House |
| 18:20 | Build | House |
| 18:21 | Build | House |
| 18:24 | Build | House |
| 18:24 | Build | House |
| 18:30 | Create | Villager (Male) |
| 18:44 | Build | Stable |
| 18:46 | Create | Villager (Male) |
| 18:47 | Build | Stable |
| 18:58 | Build | Lumber Camp |
| 19:10 | Build | Palisade Wall |
| 19:11 | Build | Palisade Wall |
| 19:11 | Build | Palisade Wall |
| 19:12 | Build | Palisade Wall |
| 19:12 | Build | Palisade Wall |
| 19:12 | Build | Palisade Wall |
| 19:29 | Create | Villager (Male) |
| 19:31 | Research | Scale Barding Armor |
| 19:31 | Research | Forging |
| 19:40 | Research | Bloodlines |
| 19:40 | Research | Bloodlines |
| 19:41 | Create | Villager (Male) |
| 19:42 | Create | Villager (Male) |
| 20:10 | Create | Villager (Male) |
| 20:16 | Build | Farm |
Build order — knife
First 150 of 495 actions detected
| 0:03 | Create | Villager (Male) |
| 0:03 | Create | Villager (Male) |
| 0:04 | Build | House |
| 0:05 | Build | House |
| 0:06 | Create | Villager (Male) |
| 0:25 | Create | Villager (Male) |
| 1:35 | Create | Villager (Male) |
| 1:35 | Create | Villager (Male) |
| 1:46 | Build | Lumber Camp |
| 2:05 | Create | Villager (Male) |
| 2:06 | Create | Villager (Male) |
| 2:30 | Create | Villager (Male) |
| 2:31 | Create | Villager (Male) |
| 2:31 | Create | Villager (Male) |
| 2:51 | Create | Villager (Male) |
| 2:51 | Create | Villager (Male) |
| 2:51 | Create | Villager (Male) |
| 3:10 | Build | House |
| 3:12 | Create | Villager (Male) |
| 3:12 | Create | Villager (Male) |
| 3:13 | Create | Villager (Male) |
| 3:34 | Build | Mill |
| 3:38 | Create | Villager (Male) |
| 3:38 | Create | Villager (Male) |
| 3:38 | Create | Villager (Male) |
| 3:52 | Create | Villager (Male) |
| 3:52 | Create | Villager (Male) |
| 3:52 | Create | Villager (Male) |
| 4:30 | Create | Villager (Male) |
| 4:30 | Create | Villager (Male) |
| 4:30 | Create | Villager (Male) |
| 4:41 | Create | Villager (Male) |
| 4:42 | Create | Villager (Male) |
| 4:42 | Create | Villager (Male) |
| 5:35 | Build | House |
| 5:39 | Create | Villager (Male) |
| 5:40 | Create | Villager (Male) |
| 5:40 | Create | Villager (Male) |
| 5:42 | Create | Villager (Male) |
| 5:42 | Create | Villager (Male) |
| 5:58 | Create | Villager (Male) |
| 5:58 | Create | Villager (Male) |
| 5:58 | Create | Villager (Male) |
| 6:29 | Create | Villager (Male) |
| 6:30 | Create | Villager (Male) |
| 6:54 | Create | Villager (Male) |
| 7:09 | Create | Villager (Male) |
| 8:06 | Build | Mining Camp |
| 8:27 | Research | Feudal Age |
| 8:57 | Build | Barracks |
| 9:29 | Build | House |
| 10:29 | Build | Farm |
| 10:44 | Build | Farm |
| 10:44 | Age | Feudal Age |
| 10:48 | Build | Archery Range |
| 10:54 | Create | Villager (Male) |
| 10:56 | Create | Villager (Male) |
| 11:05 | Build | Blacksmith |
| 11:48 | Create | Spearman |
| 11:52 | Research | Castle Age |
| 11:52 | Research | Castle Age |
| 12:08 | Build | Farm |
| 12:14 | Build | Farm |
| 12:38 | Build | House |
| 12:53 | Create | Spearman |
| 13:00 | Build | Archery Range |
| 13:32 | Build | Lumber Camp |
| 13:53 | Research | Double-Bit Axe |
| 13:54 | Research | Horse Collar |
| 13:54 | Research | Horse Collar |
| 14:07 | Build | House |
| 14:32 | Age | Castle Age |
| 14:43 | Create | Villager (Male) |
| 14:50 | Research | Bow Saw |
| 14:50 | Research | Bow Saw |
| 14:58 | Research | Loom |
| 15:09 | Build | Farm |
| 15:11 | Build | Farm |
| 15:22 | Build | Outpost |
| 15:29 | Create | Villager (Male) |
| 15:48 | Build | Palisade Wall |
| 15:55 | Create | Cavalry Archer |
| 15:55 | Create | Cavalry Archer |
| 15:56 | Create | Cavalry Archer |
| 15:56 | Create | Cavalry Archer |
| 15:56 | Create | Cavalry Archer |
| 15:56 | Create | Cavalry Archer |
| 15:58 | Create | Cavalry Archer |
| 16:10 | Create | Spearman |
| 16:24 | Build | House |
| 16:32 | Create | Cavalry Archer |
| 16:33 | Create | Cavalry Archer |
| 16:42 | Build | House |
| 16:51 | Build | House |
| 16:54 | Research | Fletching |
| 16:54 | Research | Fletching |
| 16:55 | Create | Villager (Male) |
| 17:24 | Create | Cavalry Archer |
| 17:24 | Create | Villager (Male) |
| 17:45 | Build | Farm |
| 17:46 | Build | Farm |
| 18:31 | Create | Villager (Male) |
| 18:31 | Create | Villager (Male) |
| 18:37 | Create | Villager (Male) |
| 18:51 | Create | Villager (Male) |
| 18:54 | Build | Town Center |
| 19:10 | Build | Farm |
| 19:11 | Build | Farm |
| 19:50 | Create | Cavalry Archer |
| 19:50 | Create | Cavalry Archer |
| 19:50 | Create | Cavalry Archer |
| 19:53 | Build | Farm |
| 20:09 | Create | Villager (Male) |
| 20:09 | Create | Villager (Male) |
| 20:11 | Build | Farm |
| 20:12 | Build | Farm |
| 20:13 | Build | Farm |
| 20:14 | Build | Farm |
| 20:15 | Build | Farm |
| 20:18 | Build | Farm |
| 20:19 | Build | Farm |
| 20:37 | Research | Bodkin Arrow |
| 20:37 | Research | Bodkin Arrow |
| 20:55 | Create | Villager (Male) |
| 20:58 | Build | Farm |
| 20:59 | Build | Farm |
| 21:01 | Build | Farm |
| 21:01 | Create | Villager (Male) |
| 21:02 | Create | Villager (Male) |
| 21:17 | Build | Town Center |
| 21:19 | Create | Villager (Male) |
| 21:38 | Create | Cavalry Archer |
| 22:16 | Create | Villager (Male) |
| 22:19 | Build | Farm |
| 22:20 | Build | Farm |
| 22:20 | Build | Farm |
| 22:21 | Create | Villager (Male) |
| 22:21 | Create | Cavalry Archer |
| 22:22 | Create | Cavalry Archer |
| 22:22 | Create | Cavalry Archer |
| 22:27 | Build | Lumber Camp |
| 22:29 | Build | University |
| 22:33 | Create | Villager (Male) |
| 22:34 | Create | Villager (Male) |
| 23:01 | Create | Villager (Male) |
| 23:01 | Create | Villager (Male) |
| 23:03 | Research | Wheelbarrow |
| 23:03 | Create | Villager (Male) |
| 23:04 | Research | Wheelbarrow |
| 23:04 | Create | Villager (Male) |
Match timeline
| 8:27 | 阿秋1 · age_up feudal |
| 8:57 | knife · first_building Barracks |
| 9:41 | Snitzelyd · age_up feudal |
| 10:06 | hanson013 · age_up feudal |
| 10:08 | AncientKing · age_up feudal |
| 10:21 | AncientKing · wall_segment Palisade Wall x1 |
| 10:44 | knife · age_up feudal |
| 10:48 | knife · first_building Archery Range |
| 10:50 | Snitzelyd · first_market_sell 100 wood |
| 10:56 | Ace · age_up feudal |
| 11:07 | GGman · age_up feudal |
| 11:38 | [InsecT] ScoTherroR · age_up feudal |
| 13:42 | Snitzelyd · age_up castle |
| 13:44 | hanson013 · age_up castle |
| 13:59 | hanson013 · first_market_buy 100 food |
| 14:18 | AncientKing · age_up castle |
| 14:29 | Ace · age_up castle |
| 14:32 | knife · age_up castle |
| 14:45 | GGman · age_up castle |
| 14:51 | Ace · first_building Monastery |
| 15:16 | [InsecT] ScoTherroR · age_up castle |
| 15:31 | [InsecT] ScoTherroR · first_building Monastery |
| 15:48 | knife · wall_segment Palisade Wall x1 |
| 16:18 | GGman · wall_segment Stone Wall x1 |
| 17:01 | [InsecT] ScoTherroR · first_market_buy 100 food |
| 17:07 | 阿秋1 · first_market_buy 100 food |
| 17:27 | 阿秋1 · first_market_sell 100 wood |
| 17:42 | 阿秋1 · first_building Barracks |
| 18:16 | hanson013 · wall_segment Palisade Wall x1 |
| 18:42 | GGman · first_building Castle |
| 18:44 | 阿秋1 · first_building Stable |
| 19:04 | AncientKing · wall_segment Palisade Wall x1 |
| 19:05 | AncientKing · wall_segment Palisade Wall x1 |
| 19:06 | AncientKing · wall_segment Palisade Wall x1 |
| 19:10 | 阿秋1 · wall_segment Palisade Wall x1 |
| 19:11 | 阿秋1 · wall_segment Palisade Wall x2 |
| 19:11 | 阿秋1 · wall_segment Palisade Wall x1 |
| 19:12 | 阿秋1 · wall_segment Palisade Wall x1 |
| 19:12 | 阿秋1 · wall_segment Palisade Wall x1 |
| 19:12 | 阿秋1 · wall_segment Palisade Wall x1 |
| 19:20 | hanson013 · wall_segment Palisade Wall x1 |
| 19:22 | hanson013 · wall_segment Palisade Wall x1 |
| 19:25 | hanson013 · wall_segment Palisade Wall x1 |
| 19:27 | hanson013 · wall_segment Palisade Wall x1 |
| 19:27 | hanson013 · wall_segment Palisade Wall x1 |
| 19:29 | AncientKing · wall_segment Palisade Wall x1 |
| 19:44 | hanson013 · wall_segment Palisade Wall x1 |
| 19:45 | hanson013 · wall_segment Palisade Wall x1 |
| 20:02 | AncientKing · first_building Castle |
| 20:12 | hanson013 · wall_segment Palisade Wall x1 |
| 20:13 | hanson013 · wall_segment Palisade Wall x1 |
| 20:14 | hanson013 · wall_segment Palisade Wall x1 |
| 20:15 | hanson013 · wall_segment Palisade Wall x1 |
| 20:21 | AncientKing · first_market_buy 100 food |
| 20:23 | 阿秋1 · age_up castle |
| 21:13 | hanson013 · wall_segment Palisade Wall x1 |
| 21:14 | hanson013 · wall_segment Palisade Wall x1 |
| 21:37 | Snitzelyd · first_building Barracks |
| 22:45 | Snitzelyd · first_building Monastery |
| 22:58 | hanson013 · first_building Siege Workshop |
| 23:10 | Snitzelyd · first_building Stable |
| 24:01 | Ace · first_market_sell 100 food |
| 24:11 | Ace · first_building Barracks |
| 24:47 | hanson013 · first_building Barracks |
| 25:12 | knife · first_building Siege Workshop |
| 25:13 | GGman · first_market_buy 100 stone |
| 25:25 | [InsecT] ScoTherroR · first_building Castle |
| 25:56 | Ace · first_building Castle |
| 26:00 | [InsecT] ScoTherroR · first_building Barracks |
| 26:03 | Snitzelyd · first_market_buy 100 stone |
| 26:09 | Snitzelyd · first_building Castle |
| 26:30 | Ace · first_building Stable |
| 26:55 | hanson013 · age_up imperial |
| 27:12 | Snitzelyd · age_up imperial |
| 27:17 | Ace · age_up imperial |
| 27:19 | knife · first_building Monastery |
| 27:36 | 阿秋1 · first_building Siege Workshop |
| 27:42 | Ace · first_market_buy 100 wood |
| 28:10 | AncientKing · first_market_sell 100 food |
| 28:27 | [InsecT] ScoTherroR · first_building Stable |
| 28:49 | GGman · first_building Barracks |
| 29:01 | AncientKing · wall_segment Palisade Wall x4 |
| 29:05 | hanson013 · first_building Castle |
| 29:33 | AncientKing · first_building Barracks |
| 29:46 | GGman · first_building Archery Range |
| 29:47 | [InsecT] ScoTherroR · age_up imperial |
| 29:50 | [InsecT] ScoTherroR · first_building Archery Range |
| 30:22 | knife · first_building Stable |
| 30:29 | AncientKing · wall_segment Stone Wall x1 |
| 30:32 | AncientKing · age_up imperial |
| 31:35 | 阿秋1 · age_up imperial |
| 31:47 | knife · first_building Castle |
| 32:27 | 阿秋1 · first_building Castle |
| 33:26 | knife · age_up imperial |
| 34:19 | Snitzelyd · first_building Siege Workshop |
| 34:31 | GGman · wall_segment Stone Wall x1 |
| 34:31 | hanson013 · first_building Monastery |
| 34:32 | GGman · wall_segment Stone Wall x1 |
| 34:33 | GGman · wall_segment Stone Wall x1 |
| 34:34 | GGman · wall_segment Stone Wall x1 |
| 34:38 | GGman · wall_segment Stone Wall x1 |
| 34:49 | GGman · wall_segment Stone Wall x3 |
| 34:56 | knife · first_market_sell 100 food |
| 35:07 | Ace · first_building Siege Workshop |
| 37:00 | GGman · age_up imperial |
| 37:04 | AncientKing · first_building Archery Range |
| 38:24 | GGman · wall_segment Palisade Wall x1 |
| 41:40 | Snitzelyd · tribute_sent a jugador 2 |
| 41:40 | Snitzelyd · tribute_sent a jugador 3 |
| 41:40 | Snitzelyd · tribute_sent a jugador 4 |
| 41:40 | Snitzelyd · tribute_sent a jugador 5 |
| 41:40 | Snitzelyd · tribute_sent a jugador 6 |
| 41:40 | Snitzelyd · tribute_sent a jugador 7 |
| 41:40 | Snitzelyd · tribute_sent a jugador 8 |
| 42:02 | GGman · wall_segment Stone Wall x5 |
| 42:03 | GGman · wall_segment Stone Wall x2 |
| 42:04 | GGman · wall_segment Stone Wall x1 |
| 42:08 | Snitzelyd · first_building Archery Range |
| 42:23 | 阿秋1 · first_building Archery Range |
| 44:05 | GGman · first_market_sell 100 food |
| 46:13 | GGman · wall_segment Stone Wall x1 |
| 46:14 | GGman · wall_segment Stone Wall x1 |
| 47:07 | GGman · first_building Stable |
| 47:42 | hanson013 · tribute_sent a jugador 1 |
| 47:42 | hanson013 · tribute_sent a jugador 3 |
| 47:42 | hanson013 · tribute_sent a jugador 4 |
| 47:42 | hanson013 · tribute_sent a jugador 5 |
| 47:42 | hanson013 · tribute_sent a jugador 6 |
| 47:42 | hanson013 · tribute_sent a jugador 7 |
| 47:42 | hanson013 · tribute_sent a jugador 8 |
| 48:04 | [InsecT] ScoTherroR · resign |
| 48:30 | Ace · tribute_sent a jugador 1 |
| 48:30 | Ace · tribute_sent a jugador 2 |
| 48:30 | Ace · tribute_sent a jugador 3 |
| 48:30 | Ace · tribute_sent a jugador 5 |
| 48:30 | Ace · tribute_sent a jugador 6 |
| 48:30 | Ace · tribute_sent a jugador 7 |
| 48:30 | Ace · tribute_sent a jugador 8 |
[ AI ANALYSIS · 1 CREDIT ]
What really happened in this match?
Wolo.gg analyzes every decision: build order, eco, micro, common mistakes by bracket. Personalized analysis on WhatsApp or Discord in 30 seconds.
Civ guide
Malians
Perfil
Jugador #16305209